 Dungeon Crawl Stone Soup version 0.28-a0-687-gb91baff9cc (webtiles) character file.

Game seed: 3839798233310328346

14036 jasper the Thrower (level 11, -3/84 HPs)
             Began as a Demonspawn Cinder Acolyte on Oct 20, 2021.
             Was an Initiate of Okawaru.
             Slain by a fire elemental (4 damage)
             ... created by the fiery vengeance of Ignis
             ... on level 1 of the Lair of Beasts.
             The game lasted 00:21:07 (15691 turns).

jasper the Thrower (Demonspawn Cinder Acolyte)     Turns: 15691, Time: 00:21:07

Health: -3/84      AC: 10    Str: 17    XL:     11   Next: 83%
Magic:  12/12      EV: 15    Int: 16    God:    Okawaru [......]
Gold:   1733       SH:  9    Dex:  9    Spells: 10/12 levels left

rFire   . . .      SeeInvis .   i - +3 hunting sling (flame)
rCold   . . .      Faith    .   r - +0 buckler
rNeg    . . .      Spirit   .   E - +2 scale mail {rF+}
rPois   .          Reflect  +   (no helmet)
rElec   .          Harm     .   (cloak unavailable)
rCorr   .          Rampage  .   (no gloves)
Will    +....                   k - +0 pair of boots
Stlth   ..........              e - amulet of Xaledgh {Reflect Will+ SH+5}
HPRegen 0.24/turn               f - +4 ring of evasion
MPRegen 0.13/turn               y - +4 ring of slaying

@: fire susceptible
A: ignite blood 2, powered by death 2, weakness stinger 3
a: Renounce Religion


You were on level 1 of the Lair of Beasts.
You worshipped Okawaru.
Okawaru was noncommittal.
You visited 3 branches of the dungeon, and saw 13 of its levels.

You collected 1733 gold pieces.

Inventory:

Hand Weapons
 a - a -1 falchion of freezing
 d - a +0 hunting sling
 i - a +3 hunting sling of flaming (weapon)
Missiles
 c - 99 stones (quivered ammo)
 v - 2 throwing nets
 x - 38 sling bullets
 G - 12 poisoned darts
 J - 3 atropa-tipped darts
Armour
 b - a +0 robe
 g - a +0 leather armour of poison resistance
 h - a +0 scale mail
 k - a +0 pair of boots (worn)
 r - a +0 buckler (worn)
 D - a +0 chain mail
 E - a +2 scale mail of fire resistance (worn)
Jewellery
 e - the amulet of Xaledgh (around neck) {Reflect Will+ SH+5}
   (You acquired it on level 7 of the Dungeon)

   [amulet of reflection]

   It reflects blocked missile attacks.
   SH:        It affects your SH (+5).
   Will:      It increases your willpower.
 f - a +4 ring of evasion (left hand)
 l - a ring of wizardry
 s - a ring of willpower
 w - a ring of poison resistance
 y - a +4 ring of slaying (right hand)
 B - an amulet of guardian spirit
 H - a ring of ice
Scrolls
 A - a scroll of amnesia
 F - a scroll of fear
 I - a scroll of teleportation
Potions
 j - a potion of ambrosia
 m - 5 potions of might
 n - a potion of magic
 o - 3 potions of curing
 p - 3 potions of lignification {unknown}
 q - a potion of attraction
 t - a potion of brilliance
 z - a potion of heal wounds {unknown}
 C - a potion of haste {unknown}
 K - 2 potions of mutation {unknown}


   Skills:
 + Level 7.6 Fighting
 - Level 3.6 Long Blades
 * Level 13.8 Throwing
 + Level 6.2 Armour
 + Level 6.2 Dodging
 + Level 3.9 Shields
 - Level 1.0 Spellcasting
 - Level 2.6 Fire Magic


You had 10 spell levels left.
You knew the following spells:

 Your Spells              Type           Power      Damage    Failure   Level
a - Scorch                Fire           18%        2d6       34%         2

Your spell library contained the following spells:

 Spells                   Type           Power      Damage    Failure   Level
 Freeze                   Ice            0%         1d3       56%         1
 Frozen Ramparts          Ice            0%         1d2       90%         3
 Hailstorm                Conj/Ice       0%         3d3       100%        4
 Leda's Liquefaction      Hex/Erth       0%         N/A       100%        4
 Iskenderun's Battlesphe  Conj           0%         2d6       100%        5
 Lee's Rapid Deconstruct  Erth           0%         3d5*      100%        5
 Iron Shot                Conj/Erth      0%         9d1       100%        6
 Statue Form              Tmut/Erth      0%         N/A       100%        6
 Spellforged Servitor     Conj/Summ      Unusable   N/A       N/A         7

Dungeon Overview and Level Annotations

Branches:
Dungeon (10/15)            Temple (1/1) D:5            Lair (2/6) D:9
  Swamp: Lair:2-4    Shoals: Lair:2-4     Snake: Lair:2-4    Spider: Lair:2-4
    Orc: D:9-12

Altars:
Ashenzari
Cheibriados
Dithmenos
Elyvilon
Fedhas
Gozag
Kikubaaqudgha
Makhleb
Nemelex Xobeh
Okawaru
Qazlal
Ru
Sif Muna
Trog
Uskayaw
Xom
Yredelemnul
Zin
The Shining One


Innate Abilities, Weirdness & Mutations

Your demonic aura often causes spilled blood to erupt in flames.
You regenerate health from kills.
You have a sharp stinger which inflicts weakening toxins.


Message History

Press: ? - help, Q - select action, (/) - cycle Shift-Dir - straight line, f - fire elemental
Aim: a fire elemental (almost destroyed, durably summoned, 64% to hit)
You shoot a stone. The stone hits the fire elemental.
The fire elemental is almost destroyed.
The fire elemental closely misses you.
Fire: 100 stones
Press: ? - help, Q - select action, (/) - cycle Shift-Dir - straight line, f/p - fire elemental
Aim: a fire elemental (almost destroyed, durably summoned, 64% to hit)
You shoot a stone. The stone hits the fire elemental.
You destroy the fire elemental!
That felt strangely unrewarding.
You start resting. "My hands, my teeth, my burning tears: these will never betray me!"
The divine experience confuses you!
You are confused. 2 fire elementals come into view.
You regained 4 hp, and now have 44/84 hp.
You bump into the rock wall.
The fire elemental closely misses you.
You bump into the rock wall.
The fire elemental closely misses you.
You bump into the rock wall.
The fire elemental closely misses you.
The fire elemental completely misses you.
The fire elemental hits you. The fire elemental burns you!
You take 8 damage, and have 37/84 hp.
You bump into the rock wall.
The fire elemental misses you. The fire elemental hits you.
The fire elemental burns you! The fire elemental hits you.
The fire elemental burns you!
* * * LOW HITPOINT WARNING * * *
You take 17 damage, and have 20/84 hp.
MASSIVE DAMAGE!!
You clumsily bash the fire elemental but do no damage.
You feel less confused. The fire elemental hits you.
The fire elemental burns you!
* * * LOW HITPOINT WARNING * * *
You block the fire elemental's attack. The fire elemental barely misses you.
You block the fire elemental's attack.
You take 14 damage, and have 6/84 hp.
You feel better. The fire elemental hits you. The fire elemental burns you!
* * * LOW HITPOINT WARNING * * *
The fire elemental barely misses you.
You take 5 damage, and have 1/84 hp.
The fire elemental hits you. The fire elemental burns you!
You die...

.....P#..☼○°>......# #.......
###.####'#°○#.#.#### ##P##.+#
#P..# #..####### #####.# ##.##
##.### #....# #..# #...# ###+.###
###.## ##..# #......# ....####
##.##### ### ##......#
..####.####..##E#####.###.......#
.......(.....(○E@........'......#
..#########..###########P#......#
..# ##.# ###......# #.## #.#
#..>...# #..# #.## ###.#'## ..##
#..# ###... ...# ####..# ### ###.
.### ###.##.####.### ### #.
.######.............########.###.


You could see 2 fire elementals.

Vanquished Creatures
  2 two-headed ogres (D:9)
  4 elephants (Lair:1)
  A black mamba (shapeshifter) (D:10)
  2 black mambas
  2 cane toads (Lair:1)
  Psyche (D:9)
  2 komodo dragons (Lair:1)
  2 trolls (D:9)
  3 blink frogs (Lair:1)
  11 yaks
  5 fire elementals (Lair:1)
  2 vampire mosquitoes (D:10)
  Edmund (D:5)
  An acid dragon (D:6)
  4 water moccasins
  7 orc warriors
  A sky beast (D:6)
  A black bear (Lair:1)
  3 necrophages
  3 ogres
  7 wolves (D:9)
  A centaur (D:6)
  4 bullfrogs
  A scorpion (D:5)
  A water moccasin skeleton (D:5)
  5 killer bees
  10 howler monkeys
  5 electric eels
  3 centaur zombies
  A bullfrog zombie (D:5)
  A centaur skeleton (D:7)
  A gnoll shaman (D:5)
  2 hounds
  A jelly (D:3)
  8 orc priests
  2 iguanas
  9 orc wizards
  A hound zombie (D:5)
  A howler monkey zombie (D:6)
  6 gnolls
  2 howler monkey skeletons
  8 adders
  2 white imps
  An ufetubus (D:5)
  4 worms
  6 dart slugs
  31 orcs
  8 bats
  8 endoplasms
  3 giant cockroaches
  4 goblins
  4 hobgoblins
  8 quokkas
  6 ball pythons
  4 frilled lizards
  8 kobolds
  9 rats
244 creatures vanquished.

Vanquished Creatures (others)
  A howler monkey (D:9)
  124 foxfires
  52 plants
177 creatures vanquished.

Grand Total: 421 creatures vanquished

Notes
Turn   | Place    | Note
-------+----------+-------------------------------------------
     0 | D:1      | jasper the Demonspawn Cinder Acolyte began the quest for
                  | the Orb.
     0 | D:1      | Reached XP level 1. HP: 18/18 MP: 2/2
   396 | D:1      | Gained mutation: Your demonic aura sometimes causes spilled
                  | blood to erupt in flames. [demonic ancestry]
   396 | D:1      | Reached XP level 2. HP: 24/24 MP: 3/3
   399 | D:1      | Learned a level 2 spell: Scorch
  1608 | D:1      | Reached XP level 3. HP: 29/29 MP: 4/4
  2487 | D:2      | Reached skill level 1 in Throwing
  2686 | D:2      | Gained mutation: Your demonic aura often causes spilled
                  | blood to erupt in flames. [demonic ancestry]
  2686 | D:2      | Reached XP level 4. HP: 14/35 MP: 5/5
  2993 | D:2      | Found a faded altar of an unknown god.
  4118 | D:3      | Reached skill level 1 in Dodging
  4169 | D:3      | Reached skill level 1 in Armour
  4521 | D:3      | Reached skill level 2 in Throwing
  4699 | D:3      | Gained mutation: You have a small tail. [demonic ancestry]
  4699 | D:3      | Reached XP level 5. HP: 41/41 MP: 6/6
  4914 | D:4      | Noticed a water moccasin
  5085 | D:4      | Identified a scroll of acquirement
  5085 | D:4      | Acquired 1033 gold pieces
  5144 | D:4      | Noticed an ogre
  5191 | D:4      | Killed an ogre
  5192 | D:4      | Killed a water moccasin
  5193 | D:4      | Reached skill level 3 in Throwing
  5193 | D:4      | Gained mutation: You regenerate a little health from kills.
                  | [demonic ancestry]
  5193 | D:4      | Reached XP level 6. HP: 48/48 MP: 7/7
  5871 | D:5      | Entered Level 5 of the Dungeon
  6263 | D:5      | Gained mutation: You have a tail ending in a sharp stinger.
                  | [demonic ancestry]
  6263 | D:5      | Reached XP level 7. HP: 37/54 MP: 8/8
  6376 | D:5      | Found a stormy altar of Qazlal.
  6395 | D:5      | Reached skill level 4 in Throwing
  7399 | D:6      | Reached skill level 5 in Fighting
  7399 | D:6      | Reached skill level 5 in Throwing
  7399 | D:6      | Reached XP level 8. HP: 26/62 MP: 9/9
  7948 | D:6      | Found a snail-covered altar of Cheibriados.
  8633 | D:7      | Acquired the amulet of Xaledgh {Reflect Will+ SH+5}
  8966 | D:8      | Reached skill level 12 in Throwing
  8966 | D:8      | Reached XP level 9. HP: 68/68 MP: 10/10
  9101 | D:8      | Found a hide-covered altar of Uskayaw.
  9396 | D:8      | Noticed a +0 hand axe
  9397 | D:8      | Noticed a +0 hand axe
  9520 | D:8      | Found a shimmering blue altar of Sif Muna.
  9678 | D:8      | Gained mutation: You regenerate health from kills. [demonic
                  | ancestry]
  9678 | D:8      | Reached XP level 10. HP: 71/76 MP: 11/11
 10901 | D:9      | Reached skill level 1 in Shields
 10906 | D:9      | Noticed Psyche
 10940 | D:9      | Killed Psyche
 10983 | D:9      | Noticed a two-headed ogre
 10987 | D:9      | Killed a two-headed ogre
 10988 | D:9      | Reached skill level 5 in Armour
 10988 | D:9      | Reached skill level 5 in Dodging
 11206 | D:9      | Found a staircase to the Lair.
 11697 | D:9      | Noticed a two-headed ogre
 11717 | D:9      | Killed a two-headed ogre
 11903 | D:10     | Entered Level 10 of the Dungeon
 11929 | D:10     | Reached skill level 13 in Throwing
 12414 | D:10     | Gained mutation: You have a sharp stinger which inflicts
                  | weakening toxins. [demonic ancestry]
 12414 | D:10     | Reached XP level 11. HP: 64/83 MP: 12/12
 12536 | D:10     | Noticed a deep elf pyromancer
 13001 | D:7      | Found a sacrificial altar of Ru.
 13169 | D:5      | Found a bloodstained altar of Trog.
 13185 | D:5      | Found a staircase to the Ecumenical Temple.
 13357 | D:5      | Found a basalt altar of Yredelemnul.
 13501 | D:5      | Noticed Edmund
 13506 | D:5      | Killed Edmund
 14089 | Lair:1   | Entered Level 1 of the Lair of Beasts
 14479 | Lair:1   | Found a snail-covered altar of Cheibriados.
 15261 | Temple   | Entered the Ecumenical Temple
 15291 | Temple   | Fell from the grace of Ignis
 15291 | Temple   | Became a worshipper of Warmaster Okawaru
 15488 | Lair:2   | Noticed a five-headed hydra
 15690 | Lair:1   | HP: 1/84 [fire elemental[the fiery vengeance of Ignis]
                  | (12)]
 15691 | Lair:1   | Slain by a fire elemental

Illustrated notes

Levels and vault maps discovered:
D:1:      minmay_arrival_nine_rooms, layout_basic, hex_tiny,
          wander_ebering_terrifying_dragon_lair
D:2:      layout_loops_ring, ebering_ecumenical_altar_abandoned, st_stairs_11,
          grunt_ministairs_9
D:3:      kennysheep_six_static_rooms, layout_basic
D:4:      layout_basic, gup_sewer_entry_spiral
D:5:      layout_basic, bloody_trog, nicolae_qazlal_eye_of_the_storm,
          mainiacjoe_overflow_24_doors, minmay_temple_entry_statues_pillars,
          minmay_misc_feat_rugged, uniq_edmund
D:6:      layout_loops_cross, kennysheep_slug_shrine, minmay_door_square
D:7:      layout_loops_ring, mainiacjoe_overflow_paths
D:8:      layout_basic, lemuel_blue_sif_altar, dancing_weapons_uskayaw
D:9:      layout_roguey, amcnicky_altar_gilded, erik_lair_island,
          serial_bayou_lagoon_a, uniq_psyche
D:10:     minmay_the_grid_square_5x5_3x3 [minmay_the_grid_square_5x5_meh,
          minmay_the_grid_square_5x5_inner_z,
          minmay_the_grid_square_5x5_shrine2, minmay_the_grid_square_5x5_inset,
          minmay_the_grid_square_5x5_megaprize_checkered,
          minmay_the_grid_square_5x5_three,
          minmay_the_grid_square_5x5_pentomino_r, minmay_the_grid_square_5x5_n,
          minmay_the_grid_square_5x5_dogpile], layout_basic, vehumet_statue,
          mainiacjoe_overflow_alcove_1, grunt_decor_resistance
Temple:   minmay_temple_bridge_abc
Lair:1:   layout_roguey, basic_altar, beast_lair_carwin_11
Lair:2:   layout_gridlike, dummy_snake_entry, nzn_sisyphean_effort,
          grunt_megastairs_4

Skill      XL: |  1  2  3  4  5  6  7  8  9 10 11 |
---------------+----------------------------------+-----
Long Blades    | 3 |  3.6
Throwing       | 1 2 3 5 12 13 | 13.8
Dodging        | 1 2 3 4 5 6 |  6.2
Armour         | 1 2 3 4 5 6 |  6.2
Fighting       | 4 5 6 7 |  7.6
Shields        | 2 3 |  3.9
Spellcasting   | |  1.0
Fire Magic     | |  2.6

Action                   |  1- 3 |  4- 6 |  7- 9 | 10-12 || total
-------------------------+-------+-------+-------+-------++-------
Melee: Falchion          |    56 |       |     1 |       ||    57
       Hunting sling     |       |       |       |     1 ||     1
 Fire: Hunting sling     |    75 |   183 |   232 |   453 ||   943
Throw: Stone             |     3 |       |       |       ||     3
       Javelin           |       |       |       |     9 ||     9
Invok: Foxfire Swarm     |     4 |     2 |     4 |     1 ||    11
  Use: Scroll            |     1 |    10 |     4 |    10 ||    25
       Potion            |       |     1 |     1 |     1 ||     3
Armor: Robe              |    14 |       |       |       ||    14
       Scale mail        |     8 |    38 |    43 |    43 ||   132
Dodge: Dodged            |    60 |    44 |    53 |   106 ||   263
Block: Buckler           |       |       |       |    68 ||    68

Table legend: (Time is in decaauts)
 A = Elapsed time spent in this place.
 B = Non-inter-level travel time spent in this place.
 C = Inter-level travel time spent in this place.
 D = Time resting spent in this place.
 E = Time spent auto-exploring this place.
 F = Levels seen in this place.
 G = Mean time per level.
                   A        B        C        D        E       F      G
               +--------+--------+--------+--------+--------+-----+--------+
         Total |  15734 |  14431 |   1303 |   3468 |   8763 |  13 | 1210.3 |
       Dungeon |  14426 |  13216 |   1210 |   3218 |   8030 |  10 | 1442.6 |
        Temple |     51 |     30 |     21 |      0 |     19 |   1 |   51.0 |
          Lair |   1255 |   1184 |     71 |    249 |    714 |   2 |  627.5 |
               +--------+--------+--------+--------+--------+-----+--------+

Top non-repeatable levels by time:
     D:1: 2147 daAuts
     D:9: 2054 daAuts
     D:3: 1584 daAuts
     D:5: 1523 daAuts
     D:6: 1392 daAuts
     D:8: 1362 daAuts
     D:2: 1285 daAuts
     D:4: 1280 daAuts
     D:7: 1264 daAuts
  Lair:1: 1207 daAuts
    D:10: 532 daAuts
  Temple: 51 daAuts
  Lair:2: 48 daAuts
